[Event "*** Titled Tuesday Blitz"]
[Site "Chess.com"]
[Date "2021.03.09"]
[Round "2"]
[White "federicosellitti"]
[Black "eljanov"]
[Result "0-1"]
[WhiteElo "2538"]
[BlackElo "2853"]
[TimeControl "180+1"]
[EndTime "10:19:40 PST"]
[Termination "eljanov won by resignation"]

1. e4 c6 2. d4 d5 3. exd5 cxd5 4. Bd3 Nf6 5. Bf4 Bg4 6. Nf3 Nc6 7. c3 e6 8. O-O Bd6 9. Bxd6 Qxd6 10. Nbd2 O-O 11.
Qe1 Nd7 12. h3 Bh5 13. Qe3 Rab8 14. Ne5 Ndxe5 15. dxe5 Qxe5 16. Qxe5 Nxe5 17. Bc2 Bg6 18. Bxg6 hxg6 19. Rfe1 Nd3 20. Reb1 b5 21. a4 b4 22. c4 Rbc8 23. cxd5 exd5 24. Nb3 Rc2 25. Rd1 Nxf2 26. Rxd5 Rxb2 27. Nd2 Nxh3+ 28. gxh3 Re8 29. Rf1 f6 30. Rf2 Re3 31. Kg2 b3 32. Rb5 Rc3 33. a5 f5 34.
Rb8+ Kh7 35. Nf3 Rxf2+ 36. Kxf2 Kh6 37. h4 g5 38. hxg5+ Kg6 39. Kg3 Rc5 40. Rxb3 Rxa5 41. Rb4 Rc5 42. Kf4 a5 43. Ra4 Kf7 44. Ne5+ Ke6 45.
Nd3 Rb5 46. Rc4 Rd5 47. Rc6+ Kd7 48. Rc3 Kd6 49. Nb2 Rb5 50. Nc4+ Ke6 51. Ne3 Rb4+ 52. Rc4 Rxc4+ 53. Nxc4 a4 54. Na3 g6 55. Ke3 Kd5 56.
Kf4 Kd4 57. Nb1 Kd3 58. Ke5 Kc2 59. Na3+ Kb3 60. Nb5 a3 61. Nxa3 Kxa3 62. Kf6 f4 63.
Kxg6 f3 64. Kh7 f2 65. g6 f1=Q 66. g7 Qh3+ 67. Kg8 Kb4 68. Kf8 Qf5+ 69. Ke7 Qg6 0-1

[Event "*** Titled Tuesday Blitz"]
[Site "Chess.com"]
[Date "2021.03.09"]
[Round "2"]
[White "Durarbayli"]
[Black "erdni1993"]
[Result "0-1"]
[WhiteElo "2677"]
[BlackElo "2502"]
[TimeControl "180+1"]
[EndTime "10:19:40 PST"]
[Termination "erdni1993 won on time"]

1. e4 c5 2. Nf3 e6 3. d4 cxd4 4.
Nxd4 Nc6 5. Nc3 Qc7 6. g3 a6 7.
Bg2 d6 8. O-O Bd7 9. Re1 Be7 10.
g4 Nxd4 11. Qxd4 Bf6 12. Qd3 Ne7 13. Bd2 Nc6 14. g5 Be5 15. a3 O-O 16. f4 Bd4+ 17.
Kh1 b5 18. Rad1 Rad8 19. f5 Be5 20. Rf1 Na5 21. f6 Nc4 22. Bc1 Bc6 23. Qh3 Qb7 24. Rde1 a5 25. Nd1 d5 26. b3 Nb6 27. exd5 Rxd5 28.
Ne3 Bc3 29. Nxd5 Nxd5 30. Re4 gxf6 31. Rh4 fxg5 32. Rxh7 Nf4 33. Bxf4 Bxg2+ 34. Qxg2 Qxg2+ 35. Kxg2 Kxh7 36. Bxg5 Rg8 37. Rxf7+ Kg6 38. Rf3 b4 39. axb4 axb4 40. Be3 Rd8 41. Kf2 Rd1 42. Ke2 Rh1 43. Rg3+ Kf5 44. Bg1 e5 45. Kf3 Bd4 46. Kg2 Rxg1+ 47.
Kf3 Rxg3+ 48. hxg3 e4+ 49. Ke2 Kg4 0-1

[Event "*** Titled Tuesday Blitz"]
[Site "Chess.com"]
[Date "2021.03.09"]
[Round "2"]
[White "digilik"]
[Black "Herman-NY"]
[Result "0-1"]
[WhiteElo "2241"]
[BlackElo "2459"]
[TimeControl "180+1"]
[EndTime "10:19:41 PST"]
[Termination "Herman-NY won on time"]

1. e4 e5 2. Nf3 Nc6 3. Nc3 Nf6 4. Bb5 Bd6 5. O-O O-O 6. d3 h6 7. Re1 Re8 8. h3 a6 9. Bxc6 dxc6 10. Nh4 c5 11.
Qf3 Bf8 12. Nf5 Kh7 13. Qg3 g6 14. Ne3 Nh5 15. Qf3 Be6 16. Ng4 Bg7 17. Be3 b6 18. Rad1 a5 19. a3 a4 20. Ne2 Qd6 21. c3 Bb3 22. Rd2 Qc6 23. c4 f5 24. exf5 Qxf3 25.
fxg6+ Kxg6 26. gxf3 Rf8 27. Kg2 Nf4+ 28. Bxf4 exf4 29. Nc1 h5 30. Ne5+ Kf5 31. Nc6 Rae8 32. Rde2 Rxe2 33. Rxe2 Bf6 34. Nxb3 axb3 35. Ne7+ Kg5 36.
Nd5 Rf7 37. Nxf6 Kxf6 38. Kf1 Rd7 39. Rd2 Kg5 40. Kg2 Kh4 41. Kh2 Rd4 42. Rd1 c6 43. a4 Rd8 44. d4 cxd4 45. a5 bxa5 46. c5 d3 47. Rd2 Rd4 48. Kg1 a4 49. Kf1 Kxh3 50.
Rxd3 Rxd3 0-1

[Event "*** Titled Tuesday Blitz"]
[Site "Chess.com"]
[Date "2021.03.09"]
[Round "2"]
[White "allvim"]
[Black "youngKID"]
[Result "0-1"]
[WhiteElo "2349"]
[BlackElo "2801"]
[TimeControl "180+1"]
[EndTime "10:19:42 PST"]
[Termination "youngKID won by resignation"]

1. e4 c5 2. Nf3 Nc6 3. d4 cxd4 4.
Nxd4 Nf6 5. Nc3 e6 6. Be3 Bb4 7.
Nxc6 bxc6 8. Bd3 d5 9. exd5 exd5 10. a3 Bd6 11. O-O Ng4 12. g3 O-O 13. Re1 Nxe3 14. fxe3 Rb8 15. Rb1 Re8 16. Qf3 f5 17. Ne2 g6 18. Nd4 Bb7 19. Nxf5 gxf5 20. Qxf5 Qe7 21. e4 Qf7 22. Qg4+ Qg7 23. Qh4 Qd4+ 24. Kh1 dxe4 25. Rxe4 c5 26. Re1 Bxe4+ 27. Rxe4 Rxe4 28. Bxe4 Qg7 29.
Bd5+ Kh8 30. Kg2 Rf8 31. Bf3 Qxb2 32. Qc4 Qd4 33. Qe6 Qf6 34. Qe3 c4 35. Qe2 Qxf3+ 36.
Qxf3 Rxf3 37. Kxf3 Bxa3 38. Ke4 a5 39. Kd5 a4 40. Kxc4 Be7 41. Kc3 a3 42. Kb3 Kg7 43.
c4 Kf6 44. h3 Bc5 45. h4 Kf5 46. Ka2 Kg4 47. Kb3 Kxg3 48. h5 Kh4 49. h6 Kh5 50.
Ka2 Kxh6 51. Kb3 Kg5 0-1

[Event "*** Titled Tuesday Blitz"]
[Site "Chess.com"]
[Date "2021.03.09"]
[Round "2"]
[White "CraiggoryC"]
[Black "zverr1"]
[Result "1-0"]
[WhiteElo "2274"]
[BlackElo "2456"]
[TimeControl "180+1"]
[EndTime "10:19:42 PST"]
[Termination "CraiggoryC won by checkmate"]

1. e4 e6 2. d4 d5 3. e5 c5 4. c3 Qb6 5. Nf3 Nc6 6. a3 Nh6 7. b4 cxd4 8. cxd4 Nf5 9. Be3 Be7 10. Bd3 Nxe3 11. fxe3 Bd7 12. O-O Rc8 13. Kh1 f6 14. exf6 Bxf6 15. Qe1 O-O 16. Nc3 Ne7 17. Rc1 a6 18.
Qg3 Qc7 19. Nxd5 Qxc1 20. Nxf6+ Rxf6 21. Rxc1 Rxc1+ 22. Ng1 Bb5 23. Bxb5 axb5 24. Qb8+ Kf7 25. h4 Rff1 26. Qxb7 Rxg1+ 27. Kh2 g6 28. Qxb5 Nf5 29. Qd7+ Kf6 30. Qd8+ Kg7 31. Qd7+ Kh6 32. Kh3 Rh1+ 33.
Kg4 Rxh4+ 34. Kf3 Rf1+ 35. Ke2 Ng3+ 36. Kd2 Rf2+ 37. Kd3 Rh1 38. Qxe6 Rd1+ 39. Kc4 Nf5 40. g4 Rc1+ 41. Kb5 Ng3 42. Qe7 Rh2 43. g5+ Kh5 44. Qxh7+ Kxg5 45. Qxh2 Nf5 46. Qg2+ Kf6 47. Qd2 Rc8 48.
e4 Nd6+ 49. Ka4 Nxe4 50. Qf4+ Kg7 51. Qxe4 g5 52. Kb3 Rf8 53. Qg4 Kg6 54. Qe6+ Rf6 55.
Qe4+ Kh5 56. d5 g4 57. Qe5+ Kg6 58. d6 Rf3+ 59. Ka4 g3 60. d7 Rd3 61. Qe4+ Kg5 62. Qxd3 Kf4 63. d8=Q g2 64. Q8d4+ Kg5 65. Qb5+ Kh6 66.
Qdb6+ Kg7 67. Qd7+ Kh8 68. Qb8# 1-0

[Event "*** Titled Tuesday Blitz"]
[Site "Chess.com"]
[Date "2021.03.09"]
[Round "2"]
[White "real_karma"]
[Black "dusanacns"]
[Result "1-0"]
[WhiteElo "2368"]
[BlackElo "2709"]
[TimeControl "180+1"]
[EndTime "10:19:43 PST"]
[Termination "real_karma won by checkmate"]

1. b3 d6 2. Bb2 Nd7 3. Nf3 e5 4. e3 g6 5. c4 Bg7 6. d3 Ngf6 7. Be2 O-O 8. O-O Re8 9. Nbd2 a5 10. a3 Nc5 11. b4 Ne6 12. Re1 Bd7 13. Nf1 Qe7 14.
Ng3 h6 15. d4 e4 16. Nd2 Nf8 17. d5 N8h7 18. Rb1 axb4 19. axb4 h5 20. h4 Ra2 21.
Qb3 Rea8 22. Ra1 R2a4 23. Rxa4 Bxa4 24. Qc3 Ne8 25. Qc1 f5 26. Bxg7 Kxg7 27. c5 Qxh4 28. Bxh5 Nef6 29. Be2 Ng5 30. cxd6 Rh8 31. Qxc7+ Bd7 32.
Bb5 Qh2+ 33. Kf1 Rc8 34. Qxb7 Rc2 35. Rd1 Nf3 36. Ke2 Ne5 37. Bxd7 Nfxd7 38. Kf1 Qh4 39. Qa8 Qg4 40. Qa1 Kf7 41. b5 Nd3 42. b6 Nxb6 43. Qa7+ Kg8 44. Qb8+ Kh7 45. Rb1 Rxd2 46. Rxb6 Rxf2+ 47. Kg1 Rxg2+ 48. Kxg2 Qf3+ 49. Kh2 Qf2+ 50. Kh3 Ne1 51.
Rb7+ Kh6 52. Qh8+ Kg5 53. Qh4# 1-0

[Event "*** Titled Tuesday Blitz"]
[Site "Chess.com"]
[Date "2021.03.09"]
[Round "2"]
[White "ChainsOfFantasia"]
[Black "malakismayil"]
[Result "0-1"]
[WhiteElo "2465"]
[BlackElo "2288"]
[TimeControl "180+1"]
[EndTime "10:19:44 PST"]
[Termination "malakismayil won on time"]

1. d4 Nf6 2. Nf3 e6 3. Bf4 d5 4. e3 Be7 5. Bd3 O-O 6. Nbd2 c5 7. c3 Nbd7 8. h3 b6 9. Qe2 Bb7 10. Ne5 Nxe5 11. dxe5 Ne4 12. O-O-O Qe8 13. f3 Nxd2 14.
Rxd2 Qa4 15. Kb1 c4 16. Bc2 Qa5 17. h4 b5 18. h5 b4 19. cxb4 Bxb4 20. Rd4 Bc5 21.
Rdd1 Rab8 22. h6 g6 23. e4 c3 24. b3 d4 25. Bc1 Ba6 26. Bd3 Bxd3+ 27. Rxd3 Qb6 28. Qc2 a5 29. Ka1 a4 30. bxa4 Rb7 31. Bg5 Rfb8 32. Rdd1 Ba3 33. Rxd4 Bb2+ 34. Kb1 Qxd4 35.
Rd1 Qb6 36. Qd3 Bc1+ 37. Qb5 Qxb5+ 38. axb5 Bxg5 39. a4 Rc7 40. Kc2 Ra8 41. Rd4 Bxh6 42. b6 Rb7 43. Rb4 Be3 44. Kxc3 Bxb6 45. Rc4 Ba5+ 46. Kd3 Rc7 47. Ke2 Rxc4 0-1

[Event "*** Titled Tuesday Blitz"]
[Site "Chess.com"]
[Date "2021.03.09"]
[Round "2"]
[White "2nd_life"]
[Black "ChessWarrior3"]
[Result "0-1"]
[WhiteElo "2383"]
[BlackElo "2108"]
[TimeControl "180+1"]
[EndTime "10:19:44 PST"]
[Termination "ChessWarrior3 won on time"]

1. e4 c5 2. Nf3 d6 3. d4 cxd4 4. Nxd4 Nf6 5. Nc3 a6 6. Be3 e5 7. Nf3 Be7 8. Bc4 O-O 9. Qe2 b5 10. Bd5 Nxd5 11. Nxd5 Nd7 12. O-O-O Bb7 13. Nxe7+ Qxe7 14.
Qd2 Bxe4 15. Qxd6 Qxd6 16. Rxd6 Bxf3 17. gxf3 Nf6 18. Rg1 Kh8 19. Bg5 Nh5 20. Rgd1 f6 21. Be3 Rae8 22. Rxa6 Nf4 23. Bxf4 exf4 24. c3 Re2 25. Rd2 Re1+ 26. Kc2 Rh1 27. a4 bxa4 28. Rxa4 Rxh2 29. Rxf4 g5 30. Re4 Kg7 31. Re7+ Kg6 32. b4 h5 33. b5 h4 34. b6 Rb8 35. b7 h3 36. c4 Rg2 37. Rd1 Rxf2+ 38. Kc3 Rxf3+ 39.
Kb4 Rf2 40. c5 Rb2+ 41. Kc4 R2xb7 42. Rxb7 Rxb7 43. c6 Rc7 44. Kd5 g4 45. Kd6 Rc8 46.
Kd7 Rh8 47. c7 f5 48. Rh1 f4 49. Ke6 Kg5 0-1

[Event "*** Titled Tuesday Blitz"]
[Site "Chess.com"]
[Date "2021.03.09"]
[Round "2"]
[White "Fandorine"]
[Black "TheCavemanChesss"]
[Result "0-1"]
[WhiteElo "2885"]
[BlackElo "2569"]
[TimeControl "180+1"]
[EndTime "10:19:45 PST"]
[Termination "TheCavemanChesss won on time"]

1. c4 Nf6 2. Nf3 e6 3. g3 d5 4. Bg2 Be7 5. O-O O-O 6. b3 b6 7. Bb2 Bb7 8. e3 c5 9. Nc3 dxc4 10. bxc4 Nc6 11. Qe2 Qc7 12. Rad1 a6 13. Ne1 Rab8 14.
f4 Na5 15. a4 Bxg2 16. Nxg2 Rfd8 17. g4 Qc6 18. d3 Ne8 19. g5 Nc7 20. h4 b5 21.
axb5 axb5 22. cxb5 Nxb5 23. Nxb5 Qxb5 24. Be5 Rb7 25.
h5 Nc6 26. Ba1 Rbd7 27. g6 f5 28. Qa2 Rd6 29. h6 hxg6 30. hxg7 Kf7 31. Rb1 Qxd3 32. Rb7 R8d7 33. Rxd7 Rxd7 34. Qxe6+ Kxe6 35. g8=Q+ Kd6 36. Qxg6+ Kc7 37. Qe6 Qd5 38. Qg6 c4 39. Bc3 Bc5 40. Rc1 Qd3 41. Qg3 Re7 42. Kf2 Nb4 43. Bxb4 Bxb4 44.
Qg5 Bc5 45. Re1 c3 46. Qf6 c2 47. Qb2 Qd2+ 48. Kf1 Bxe3 49. Nxe3 Rxe3 50. Qg7+ Kc6 51.
Qf6+ Qd6 0-1

[Event "*** Titled Tuesday Blitz"]
[Site "Chess.com"]
[Date "2021.03.09"]
[Round "2"]
[White "Matols"]
[Black "Hongjin"]
[Result "0-1"]
[WhiteElo "2279"]
[BlackElo "2485"]
[TimeControl "180+1"]
[EndTime "10:19:45 PST"]
[Termination "Hongjin won on time"]

1. d4 Nf6 2. c4 e6 3. g3 c5 4. d5 exd5 5. cxd5 d6 6. Nc3 g6 7. Bg2 Bg7 8. Nf3 O-O 9. O-O a6 10. a4 Re8 11. Nd2 Nbd7 12. h3 Rb8 13. Nc4 Ne5 14.
Na3 Bd7 15. f4 b5 16. fxe5 dxe5 17. axb5 axb5 18. Bg5 h6 19. Bxf6 Bxf6 20. Ne4 Bg7 21. Nxc5 Qb6 22. b4 e4 23. Kh2 Bf5 24. Rc1 Qd6 25.
Qb3 h5 26. Nc2 h4 27. Kh1 hxg3 28. Ne3 Bc8 29. Nxe4 Qe5 30. d6 Be6 31. Qd3 Rbd8 32. Rc5 Qb2 33. Ng5 Qxb4 34. Nxe6 Rxe6 35. Rc7 Rexd6 36.
Qc2 f5 37. Rc8 Qd2 38. Rxd8+ Rxd8 39. Qb3+ Kh7 40. Nd5 Qxe2 41. Qxg3 Rxd5 42. Qh4+ Bh6 43. Rc1 Rd1+ 44. Rxd1 Qxd1+ 45. Kh2 Qd6+ 46. Kh1 Kg7 47. Qf2 Bf4 48. Qa7+ Kh6 49. Qa1 b4 50. Qh8+ Kg5 51. h4+ Kg4 52. Qa1 Qd2 0-1

[Event "*** Titled Tuesday Blitz"]
[Site "Chess.com"]
[Date "2021.03.09"]
[Round "2"]
[White "Kretov_Evgenij"]
[Black "Supernotar"]
[Result "1-0"]
[WhiteElo "2524"]
[BlackElo "2733"]
[TimeControl "180+1"]
[EndTime "10:19:47 PST"]
[Termination "Kretov_Evgenij won by resignation"]

1. d4 d5 2. c4 dxc4 3. Nf3 Nf6 4. e3 e6 5. Bxc4 a6 6. O-O b5 7. Bd3 Bb7 8. Nc3 Nbd7 9. Re1 c5 10. e4 cxd4 11.
Nxd4 Be7 12. e5 Nd5 13. Qg4 Qb6 14. Qxg7 O-O-O 15. Nxd5 Bxd5 16. Qxf7 Qxd4 17. Qxe7 Qxd3 18. Be3 Rhg8 19. Rac1+ Kb7 20. Bg5 h6 21. Qd6 Bc4 22. Qxd3 Bxd3 23. Bxd8 Rxd8 24. Red1 Be4 25. Rd6 Bd5 26.
b3 b4 27. f4 h5 28. f5 Rg8 29. Rxd7+ Kb6 30. g3 h4 31. fxe6 Be4 32. Rd4 Ba8 33. Rxb4+ Ka5 34. Rxh4 Re8 35. Ra4+ Kb5 36. Rac4 Rxe6 37.
Rc5+ Kb6 38. g4 Be4 39. Kf2 Rh6 40.
Kg3 a5 41. h4 Bb7 42. h5 Rh8 43. Kh4 Bf3 44. Rc6+ Bxc6 45. g5 Re8 46. Re1 Re6 47. g6 Be8 48. Kg5 Kc5 49. Kf5 Bd7 50. Rc1+ Kd4 51.
Rd1+ Kc5 52. Rxd7 Re8 53. g7 Rf8+ 54. gxf8=Q+ 1-0

[Event "*** Titled Tuesday Blitz"]
[Site "Chess.com"]
[Date "2021.03.09"]
[Round "2"]
[White "ehrenfeld"]
[Black "Dyadya81"]
[Result "1/2-1/2"]
[WhiteElo "2509"]
[BlackElo "2720"]
[TimeControl "180+1"]
[EndTime "10:19:47 PST"]
[Termination "Game drawn by repetition"]

1. e4 c6 2. d4 d5 3. exd5 cxd5 4. Bd3 Nf6 5. c3 Bg4 6. Qb3 Qc7 7. Ne2 Nc6 8. Bf4 Qd7 9. O-O Bh5 10. Nd2 e6 11.
Rfe1 Be7 12. Ng3 Bg6 13. Bf1 O-O 14. a4 Rac8 15. a5 a6 16. Qa4 Bd8 17. b4 Na7 18. Qxd7 Nxd7 19. Rec1 Bc7 20. Bxc7 Rxc7 21. Nb3 e5 22.
Nc5 Rfc8 23. Re1 exd4 24. cxd4 Nc6 25. Nxd7 Rxd7 26. b5 Nxd4 27. bxa6 bxa6 28. Bxa6 Ra8 29. Ra2 h5 30. Bf1 h4 31. Ne2 Nc2 32. Rc1 d4 33. Nf4 Nb4 34. Ra4 Na6 35. Nxg6 fxg6 36. Rc6 d3 37. Rc1 g5 38. Rd1 Rad8 39. Ra3 Nb4 40. a6 Ra7 41. Bxd3 Rxd3 42. Rdxd3 Nxd3 43. Rxd3 Rxa6 44.
h3 Kh7 45. f3 Kg6 46. Kh2 Rf6 47. Rd4 Rf5 48. Re4 Rf6 49. Rd4 Rf4 50. Rd5 Rf5 51.
Rd4 Rf4 52. Rd5 Rf5 53. Rd4 Rf4 1/2-1/2

[Event "*** Titled Tuesday Blitz"]
[Site "Chess.com"]
[Date "2021.03.09"]
[Round "2"]
[White "NiranjanNavalgund"]
[Black "Thjop"]
[Result "1/2-1/2"]
[WhiteElo "2444"]
[BlackElo "2653"]
[TimeControl "180+1"]
[EndTime "10:19:49 PST"]
[Termination "Game drawn by repetition"]

1. d4 Nf6 2. c4 g6 3. Nc3 Bg7 4. e4 d6 5. Bd3 O-O 6. Nge2 e5 7. d5 a5 8. Rb1 Na6 9. O-O Nb4 10. f3 Nd7 11. a3 Nxd3 12. Qxd3 Nc5 13. Qc2 a4 14.
Be3 Bd7 15. Nc1 b6 16. Nd3 Nb3 17. Kh1 f5 18. exf5 gxf5 19. f4 e4 20. Nf2 h5 21.
Qe2 Qe8 22. Rbd1 Qg6 23. Nh3 Nc5 24. Ng5 Nd3 25. h4 Rfe8 26. Nb5 Bxb5 27. cxb5 Nc5 28.
Bd4 Bxd4 29. Rxd4 Re7 30. Rc4 Ra5 31. Rc3 Ra8 32. Rg3 Kh8 33. b4 axb3 34. Nxe4 Rxe4 35. Qb2+ Kh7 36. Rxg6 Kxg6 37. Rf3 Rg8 38. Rg3+ Kf7 39. Rxg8 Kxg8 40. Qf6 Re1+ 41. Kh2 Re2 42. Qg6+ Kf8 43. Qxf5+ Ke7 44. Qg5+ Kd7 45. Qf5+ Kd8 46. Qg5+ Kc8 47.
Qxh5 b2 48. Qxe2 b1=Q 49. h5 Qf5 50. Qf3 Kd7 51. g4 Qc2+ 52. Kh3 Ke7 53. g5 Qf5+ 54.
Kh4 Ne4 55. h6 Nxg5 56. Qe3+ Ne4 57. Qf3 Kf7 58. Qh5+ Qxh5+ 59. Kxh5 Nf6+ 60. Kg5 Nh7+ 61. Kf5 Nf8 62. Kg5 Nh7+ 63. Kf5 Nf6 64. Kg5 Nh7+ 1/2-1/2

[Event "*** Titled Tuesday Blitz"]
[Site "Chess.com"]
[Date "2021.03.09"]
[Round "2"]
[White "BegmuratovKh2010"]
[Black "ChessWarrior7197"]
[Result "0-1"]
[WhiteElo "2568"]
[BlackElo "2916"]
[TimeControl "180+1"]
[EndTime "10:19:51 PST"]
[Termination "ChessWarrior7197 won by resignation"]

1. e4 c6 2. d3 d5 3. Nd2 e5 4. Ngf3 Bd6 5. g3 Nf6 6. Bg2 O-O 7. O-O Nbd7 8. c3 a5 9. Qc2 Re8 10. a4 Qc7 11. b3 b6 12. Bb2 Ba6 13. Rfe1 dxe4 14. Nxe4 Nxe4 15. dxe4 Rad8 16. Rad1 Bf8 17. c4 f6 18. Nh4 Nc5 19. Nf5 Ne6 20. Bh3 Bc8 21. Bg2 Bc5 22. h4 g6 23. Ne3 Nd4 24.
Bxd4 Bxd4 25. Rd3 Bc5 26. Red1 Rxd3 27. Qxd3 Be6 28. Kh2 Re7 29. Qe2 Qc8 30. h5 Rd7 31.
hxg6 hxg6 32. Bf3 Rxd1 33. Qxd1 Kf7 34. Ng4 Qd7 35. Qe2 Qd4 36. Kg2 Qc3 37. Qd1 Ke7 38.
Nh6 Qb2 39. Be2 Bd4 40. Qd3 Qc1 41. Ng4 f5 42. exf5 Bxf5 43. Qf3 Qb1 44. Kh2 Qe4 45. Qxe4 Bxe4 46. Bd1 Kd6 47. f3 Bf5 48. Nf6 Kc5 49. g4 Bb1 50. Ne4+ Kb4 51. Kg3 Ba2 52. f4 exf4+ 53. Kxf4 Bxb3 54. Bxb3 Kxb3 55. Kg5 Kxa4 56. Kxg6 Kb4 57. Kf5 a4 58. Nf2 Bxf2 59. g5 a3 60. g6 Bd4 61. g7 Bxg7 62. Ke6 a2 63. Kd7 Kc5 64. Kc8 a1=Q 65. Kb7 Qa4 66. Kb8 Qxc4 67. Kb7 b5 68. Ka7 b4 69. Kb7 b3 70. Kc7 b2 71. Kd7 b1=Q 72. Ke7 Qb7+ 73. Ke8 Qf4 0-1

[Event "*** Titled Tuesday Blitz"]
[Site "Chess.com"]
[Date "2021.03.09"]
[Round "2"]
[White "SARGISMV"]
[Black "BeanScreen"]
[Result "0-1"]
[WhiteElo "2473"]
[BlackElo "2678"]
[TimeControl "180+1"]
[EndTime "10:19:51 PST"]
[Termination "BeanScreen won by checkmate"]

1. d4 d5 2. c4 dxc4 3. e3 e5 4. Bxc4 exd4 5. exd4 Bd6 6. Nf3 Nf6 7. Nc3 O-O 8. O-O Nc6 9. h3 h6 10. Qc2 Na5 11. Bd3 Be6 12. Re1 Nc6 13. a3 Qd7 14.
Ne5 Bxe5 15. dxe5 Nd5 16. Bb5 Nd4 17. Qa4 c6 18. Qxd4 cxb5 19. Ne4 Rfd8 20. Nd6 Ne7 21. Bf4 Bd5 22. Rad1 a6 23. Bg3 Qe6 24. Qf4 Ng6 25. Qe3 Bc6 26. Qb6 Rd7 27. f4 Ne7 28. Bh4 Qg6 29.
Qf2 Nf5 30. Nxf5 Qxf5 31. Rxd7 Qxd7 32. f5 Re8 33. Kh2 Qd5 34. Bg3 Bd7 35. Re2 Qd3 36.
f6 Be6 37. Qf4 Qxe2 38. fxg7 Qd3 39. Qxh6 Qh7 40. Qf4 Qxg7 41. Bh4 Qg6 42. Bf6 Bd5 43. g4 Rc8 44. Kg3 Rc2 45. Kh4 Rg2 46. e6 Qh7+ 47.
Kg5 Qg6+ 48. Kh4 fxe6 49. Qb8+ Kf7 50. Qc7+ Kxf6 51. Qd8+ Ke5 52. Qh8+ Ke4 53. Qc3 Qh6# 0-1

[Event "*** Titled Tuesday Blitz"]
[Site "Chess.com"]
[Date "2021.03.09"]
[Round "2"]
[White "Gerasimenyuk_Miha"]
[Black "Korchmar_Vasiliy"]
[Result "1-0"]
[WhiteElo "2436"]
[BlackElo "2640"]
[TimeControl "180+1"]
[EndTime "10:19:51 PST"]
[Termination "Gerasimenyuk_Miha won on time"]

1. d4 Nf6 2. Nf3 d5 3. c3 Bf5 4. Bg5 e6 5. e3 Be7 6. Bd3 Bg4 7.
Nbd2 O-O 8. Qc2 c5 9. Bxf6 Bxf6 10. Bxh7+ Kh8 11. Bd3 Nc6 12. h3 Bxf3 13. Nxf3 Rc8 14.
Qe2 g6 15. O-O Kg7 16. Rad1 Qa5 17. a3 Rfe8 18. dxc5 Qxc5 19. e4 dxe4 20. Bxe4 Rcd8 21. Rxd8 Rxd8 22. Rd1 Rxd1+ 23. Qxd1 Ne7 24. Qd7 b6 25. Qxa7 Qc4 26. Qb7 Qe2 27. b4 Bxc3 28. Qxe7 Qxe4 29. Qxf7+ Kh6 30. Qf8+ Bg7 31. Qe7 Qb1+ 32. Kh2 Qf5 33.
Qh4+ Qh5 34. Qxh5+ gxh5 35. a4 Bc3 36. b5 Kg6 37. g4 hxg4 38. hxg4 Kf6 39. Kg3 e5 40. Kh4 e4 41. g5+ Kf5 42. Ng1 Bd4 43. Kh5 Bxf2 44.
g6 Bd4 45. Ne2 Bg7 46. a5 bxa5 47. b6 Be5 48. b7 Kf6 49. Kh6 Ke7 50. g7 Bxg7+ 51.
Kxg7 1-0

[Event "*** Titled Tuesday Blitz"]
[Site "Chess.com"]
[Date "2021.03.09"]
[Round "2"]
[White "DanielDardha2005"]
[Black "Lion-Al-Messi"]
[Result "1-0"]
[WhiteElo "2679"]
[BlackElo "2474"]
[TimeControl "180+1"]
[EndTime "10:19:52 PST"]
[Termination "DanielDardha2005 won on time"]

1. c4 c5 2. g3 Nc6 3. Bg2 g6 4. Nc3 Bg7 5. b3 Nh6 6. Bb2 O-O 7. d3 a6 8. Qd2 Nf5 9. e3 Rb8 10. Nge2 b5 11. Bxc6 dxc6 12. Rd1 Qa5 13. O-O Rd8 14. Ne4 Qxa2 15. Bxg7 Qxd2 16. Rxd2 Kxg7 17. Nxc5 Nd6 18. Ra2 Rb6 19. Rfa1 Nb7 20. Nxb7 Rxb7 21. d4 Rbd7 22. Nc3 e5 23. dxe5 Rd3 24. Rc1 Bh3 25. Raa1 b4 26. Ne2 Rxb3 27. Nd4 Rc3 28. Nxc6 Rd2 29. Nxb4 Rb3 30.
Ra2 Rc3 31. Re1 Rxa2 32. Nxa2 Rxc4 33. Rc1 Ra4 34. Nc3 Rc4 35. f3 a5 36. Kf2 Be6 37. e4 a4 38. Ke3 Rb4 39. Kd3 a3 40. Ra1 Rb2 41. Rxa3 Rxh2 42. Ra7 Rg2 43. g4 Rg3 44. Ke2 Rg2+ 45. Ke3 h5 46. Ne2 hxg4 47. Nf4 Rg3 48. Nxe6+ Kg8 49. Ra8+ Kh7 50. Ng5+ Kh6 51. Kf4 1-0

[Event "*** Titled Tuesday Blitz"]
[Site "Chess.com"]
[Date "2021.03.09"]
[Round "2"]
[White "vlad_Sid"]
[Black "ChristopherYoo"]
[Result "0-1"]
[WhiteElo "2571"]
[BlackElo "2927"]
[TimeControl "180+1"]
[EndTime "10:19:55 PST"]
[Termination "ChristopherYoo won on time"]

1. c4 e6 2. g3 d5 3. Bg2 Nf6 4. Nf3 Be7 5. O-O O-O 6. b3 b6 7. Bb2 Bb7 8. e3 Nbd7 9. Qc2 c5 10. cxd5 Nxd5 11. a3 Rc8 12. Nc3 Nxc3 13. Bxc3 Bf6 14. Rfd1 Qe7 15. Rac1 Rfd8 16. Qb2 Bxc3 17. Rxc3 Nf6 18.
d4 Be4 19. Ne5 Bxg2 20. Kxg2 Qb7+ 21. f3 Nd5 22. Rcd3 f6 23. Ng4 h5 24. Nf2 c4 25. bxc4 Rxc4 26. e4 Ne7 27. Qb3 Qc6 28.
R1d2 h4 29. Ng4 hxg3 30. hxg3 Rc1 31. Ne3 Rc8 32. d5 exd5 33. Nxd5 Nxd5 34. Rxd5 Qc4 35.
Rd8+ Rxd8 36. Rxd8+ Kh7 37. Qxc4 Rxc4 38. Rd3 b5 39.
Kf2 a6 40. Ke3 Rc2 41. Kf4 Kg6 42. Rd6 a5 43. Ra6 a4 44. Ra5 Rb2 45. g4 Rb3 46.
Kg3 Kg5 47. Kg2 Kf4 48. Kf2 Rb2+ 49. Kg1 Kxf3 50. g5 fxg5 51. e5 Kg3 52. Kf1 Kf3 53.
Ke1 g4 54. e6 g3 0-1

[Event "*** Titled Tuesday Blitz"]
[Site "Chess.com"]
[Date "2021.03.09"]
[Round "2"]
[White "Nozdrachev_Leonid"]
[Black "TigrVShlyape"]
[Result "0-1"]
[WhiteElo "2529"]
[BlackElo "2829"]
[TimeControl "180+1"]
[EndTime "10:19:55 PST"]
[Termination "TigrVShlyape won by resignation"]

1. e4 e5 2. Nf3 Nc6 3. Bb5 a6 4. Ba4 Nf6 5. O-O Be7 6. Bxc6 dxc6 7. Re1 Nd7 8. d3 O-O 9. Be3 c5 10. a4 b6 11. Nbd2 Re8 12. Nc4 Bf8 13. Bd2 f6 14. Nh4 Nb8 15. Ne3 Nc6 16. h3 Be6 17. Bc3 Qd7 18. Qf3 b5 19. b3 Nd4 20. Bxd4 cxd4 21.
Nef5 g6 22. Ng3 Qf7 23. Qe2 Bh6 24. Nf3 Bd7 25. Nh2 bxa4 26. bxa4 Rab8 27. h4 Qe6 28. h5 a5 29. Qf3 Rb4 30. Reb1 Reb8 31. Rf1 Bg5 32.
Qe2 Rxa4 33. Rxa4 Bxa4 34. hxg6 hxg6 35. Nf3 Bh6 36. Ra1 Rb4 37. Nh4 Qf7 38. Qg4 Kh7 39. Qc8 Qd7 40. Qxd7+ Bxd7 41. Rxa5 Rb1+ 42. Kh2 Rb2 43.
Rc5 c6 44. Nf3 Bf8 45. Rc4 c5 46. Ne1 Bb5 47. Ne2 Bxc4 48. dxc4 Rb4 49. Nd3 Rxc4 50. f4 Rxc2 51. fxe5 Rxe2 52. exf6 Rxe4 53. f7 c4 54. Kg3 cxd3 55. Kf3 Re3+ 0-1

[Event "*** Titled Tuesday Blitz"]
[Site "Chess.com"]
[Date "2021.03.09"]
[Round "2"]
[White "Grandmaster2B"]
[Black "ChessQueen"]
[Result "1-0"]
[WhiteElo "2535"]
[BlackElo "2771"]
[TimeControl "180+1"]
[EndTime "10:19:56 PST"]
[Termination "Grandmaster2B won on time"]

1. e4 c5 2. Nf3 Nc6 3. d4 cxd4 4. Nxd4 Nf6 5. Nc3 d6 6. Bg5 e6 7. Qd2 a6 8. O-O-O h6 9. Nxc6 bxc6 10. Bf4 d5 11. Qe3 Be7 12. f3 Qa5 13. Kb1 O-O 14. g4 Bc5 15. Qd3 Bb4 16. Ne2 Nd7 17. g5 h5 18. g6 f6 19. Nc1 Nc5 20. Qe2 e5 21.
Qf2 Ne6 22. Nb3 Qc7 23. Bc1 f5 24. Qh4 Rf6 25. Qxh5 Nf8 26. Rg1 Qd6 27. exd5 cxd5 28. Bc4 Be6 29. Bg5 Rxg6 30. Be3 Bf7 31. Rxg6 Qxg6 32. Qxg6 Nxg6 33. Bxd5 Bxd5 34. Rxd5 Kf7 35. c3 Be7 36. Nc5 Rh8 37. Nd3 Rxh2 38. Nxe5+ Ke6 39. Nxg6 Kxd5 40. Nxe7+ Kc4 41. Nxf5 Kd3 42. Bc1 g6 43.
Nd4 Rh1 44. f4 Rf1 45. a4 Kc4 46. Kc2 Rf2+ 47. Bd2 Rh2 48. b3+ Kd5 49. Kd3 Rh3+ 50. Be3 Rg3 51. c4+ Kd6 52. f5 g5 53. Ke4 Rg2 54.
f6 g4 55. Kf5 1-0

[Event "*** Titled Tuesday Blitz"]
[Site "Chess.com"]
[Date "2021.03.09"]
[Round "2"]
[White "sergoy"]
[Black "MagzyPotato"]
[Result "1-0"]
[WhiteElo "2828"]
[BlackElo "2354"]
[TimeControl "180+1"]
[EndTime "10:19:56 PST"]
[Termination "sergoy won by checkmate"]

1. d4 Nf6 2. c4 e6 3. Nf3 d5 4. Nc3 c6 5. Bg5 h6 6. Bh4 dxc4 7.
e4 g5 8. Bg3 b5 9. h4 g4 10. Ne5 Nbd7 11. Nxc6 Qb6 12. d5 Bb7 13.
a4 a6 14. axb5 axb5 15. Rxa8+ Bxa8 16. Be2 Bxc6 17. dxc6 Qxc6 18. O-O b4 19. Nb1 Nxe4 20. Bxg4 Bc5 21. Kh2 Ndf6 22. Bf3 O-O 23. Nd2 Qd5 24. Nxe4 Nxe4 25. Qe2 f5 26. Rd1 Bd4 27. Bf4 Kh7 28. g3 e5 29. Be3 Ra8 30. g4 Rg8 31. gxf5 Qd8 32. Kh3 Nf6 33. Bxd4 exd4 34. Qxc4 Qd6 35. Qxd4 Qe7 36. Qe3 Qc7 37. Rc1 Qf7 38. Qf4 Nd7 39. Rc7 Rg7 40. Rc6 Kg8 41. Rxh6 Qb3 42. Rg6 Nf8 43. Rxg7+ Kxg7 44. Qd4+ Kh7 45. Kg2 Qg8+ 46. Qg4 Qb3 47. Qh5+ Kg7 48. Qg5+ Kh7 49. f6 Qf7 50. Be4+ Kh8 51. Bd5 Qg6 52. Qxg6 Nxg6 53. Kg3 Kh7 54. Be4 Kh6 55. Bxg6 Kxg6 56. Kf4 Kxf6 57. h5 b3 58. f3 Kg7 59. Kg5 Kh7 60. h6 Kg8 61. f4 Kh8 62. f5 Kg8 63. Kg6 Kh8 64. f6 Kg8 65. f7+ Kf8 66. h7 Ke7 67. h8=Q Kd6 68. Qd4+ Kc6 69. f8=Q Kb7 70. Qfc5 Ka6 71. Qb6# 1-0